 Dungeon Crawl Stone Soup version 0.30-a0-568-g124715a40b (webtiles) character file.

Game seed: 7283626337944479469

24 PyroL the Chiller (level 2, -7/20 HPs)
             Began as a Draconian Ice Elementalist on Dec 29, 2022.
             Mangled by a worm (10 damage)
             ... on level 2 of the Dungeon.
             The game lasted 00:02:04 (1821 turns).

PyroL the Chiller (Draconian Ice Elementalist)      Turns: 1821, Time: 00:02:05

Health: -7/20      AC:  4    Str: 10    XL:     2   Next: 79%
Magic:  2/5        EV: 12    Int: 15    God:
Gold:   113        SH:  0    Dex: 11    Spells: 5/6 levels left

rFire   . . .      SeeInvis .    i - +0 mace
rCold   . . .      Faith    .    (no shield)
rNeg    . . .      Spirit   .    (body armour unavailable)
rPois   .          Reflect  .    (helmet restricted)
rElec   .          Harm     .    (no cloak)
rCorr   .          Rampage  .    (no gloves)
Will    .....                    (no boots)
Stlth   ++                       (no amulet)
HPRegen 0.23/turn                (no ring)
MPRegen 0.09/turn                (no ring)

@: no status effects
A: AC +4, unfitting armour, cold-blooded
a: no special abilities


You were on level 2 of the Dungeon.
You visited 1 branch of the dungeon, and saw 2 of its levels.

You collected 113 gold pieces.

Inventory:

Hand Weapons
 i - a +0 mace (weapon)
Scrolls
 b - a scroll of identify {unknown}
 d - 2 scrolls of fog {unknown}
 f - a scroll of immolation {unknown}
 g - a scroll of noise {unknown}
 h - a scroll of fear {unknown}
 j - a scroll of teleportation {unknown}
 k - a scroll of poison {unknown}
Potions
 a - a potion of magic
 c - a potion of might {unknown}
 e - 2 potions of ambrosia {unknown}


   Skills:
 - Level 1.8 Dodging
 - Level 1.9 Stealth
 + Level 2.5 Spellcasting
 + Level 4.4 Ice Magic


You had 5 spell levels left.
You knew the following spells:

 Your Spells              Type           Power      Damage    Failure   Level
a - Freeze                Ice            60%        1d7       3%          1

Your spell library contained the following spells:

 Spells                   Type           Power      Damage    Failure   Level
 Frozen Ramparts          Ice            30%        1d5       11%         3
 Ozocubu's Armour         Ice            15%        N/A       11%         3
 Summon Ice Beast         Ice/Summ       8%         N/A       63%         4


Dungeon Overview and Level Annotations

Branches:
Dungeon (2/15)

Altars:
Makhleb


Innate Abilities, Weirdness & Mutations

Your plain brown scales are hard. (AC +4)
You cannot fit into any form of body armour.
You are cold-blooded and may be slowed by cold attacks.


Message History

HP restored.
You open the door.
There is an open door here.
Found a mace.
A worm and a kobold come into view.
Found a scroll labelled DEATIG HUISOPT.
The kobold shouts!
The kobold hits you with a +0 short sword.
You barely miss the kobold.
The kobold hits you with a +0 short sword.
You hit the kobold.
You kill the kobold!
You freeze the worm.
The worm is moderately wounded.
You freeze the worm.
The worm is moderately wounded.
The worm bites you.
* * * LOW HITPOINT WARNING * * *
You are too injured to fight recklessly!
You are too injured to fight recklessly!
You hit the worm.
The worm is severely wounded.
The worm bites you!
* * * LOW HITPOINT WARNING * * *
You hit the worm.
The worm is severely wounded.
The worm barely misses you.
You barely miss the worm.
You tail-slap the worm, but do no damage.
The worm is heavily wounded.
Casting: Freeze (safe; 3% risk of failure)
Confirm with . or Enter, or press ? or * to list all spells.
Aiming: Freeze (safe; 3% risk of failure)
Press: ? - help, Shift-Dir - straight line, f/p - worm
Aim: a worm (heavily wounded)
You freeze the worm!
The worm is almost dead.
The worm bites you!
Ouch! That really hurt!
You die...

####### ##########
#.....# #...?....#
#.....# #........#
#.....### #........#
......+.# #..".....#
......#.# #)....$..#
......#.# #..w.....#
._..###.######..@)....#
.....##...............+
.......####...........#
######..###...........#
##..##...........#
#######'##...........#
......†.†#...#########
.........#...##
.........'....#


You could see a worm.

Vanquished Creatures
  3 endoplasms (D:1)
  3 giant cockroaches
  2 hobgoblins (D:1)
  2 kobolds
  4 ball pythons
  2 bats (D:1)
  3 frilled lizards (D:1)
  6 rats
  2 bushes (D:1)
27 creatures vanquished.

Vanquished Creatures (others)
  3 plants (D:1)
3 creatures vanquished.

Grand Total: 30 creatures vanquished

Notes
Turn   | Place    | Note
-------+----------+-------------------------------------------
     0 | D:1      | PyroL the Draconian Ice Elementalist began the quest for
                  | the Orb.
     0 | D:1      | Reached XP level 1. HP: 14/14 MP: 3/3
   213 | D:1      | Reached XP level 2. HP: 20/20 MP: 1/5
  1748 | D:2      | Found a burning altar of Makhleb.
  1821 | D:2      | Mangled by a worm

Illustrated notes

Levels and vault maps discovered:
D:1:      dpeg_arrival_rooms_a, layout_basic, serial_forest,
          infiniplex_forest_lined_ring, infiniplex_forest_zigzag_2,
          infiniplex_forest_split, infiniplex_forest_end_2,
          infiniplex_forest_diagonal, infiniplex_forest_end_2,
          infiniplex_forest_lined_2, minmay_shallow_snake_nest
D:2:      layout_basic, basic_altar

Action                   || total
-------------------------++-------
Melee: Unarmed           ||   108
       Tailslap          ||    90
       Mace              ||   245
       Punch             ||     9
 Cast: Freeze            ||    33
 Stab: Sleeping          ||     1
Armor: Skin              ||    22
Dodge: Dodged            ||    36

Table legend: (Time is in decaauts)
 A = Elapsed time spent in this place.
 B = Non-inter-level travel time spent in this place.
 C = Inter-level travel time spent in this place.
 D = Time resting spent in this place.
 E = Time spent auto-exploring this place.
 F = Levels seen in this place.
 G = Mean time per level.
                   A        B        C        D        E       F      G
               +--------+--------+--------+--------+--------+-----+--------+
         Total |   1918 |   1740 |    178 |      0 |   1121 |   2 |  959.0 |
       Dungeon |   1918 |   1740 |    178 |      0 |   1121 |   2 |  959.0 |
               +--------+--------+--------+--------+--------+-----+--------+

Top non-repeatable levels by time:
     D:1: 1802 daAuts
     D:2: 115 daAuts
